[Event "11th LCC Super Blitz 2019"]
[Site "London"]
[Date "2019.12.08"]
[Round "4.8"]
[White "Sandhu, Manvith"]
[Black "Young, Daniel J"]
[Result "0-1"]
[ECO "B53"]
[WhiteElo "1673"]
[BlackElo "1947"]
[Annotator "NA"]
[PlyCount "20"]
[EventDate "2019.12.08"]
[EventType "swiss"]
[EventCountry "ENG"]
[SourceTitle "playchess.com"]
[Source "ChessBase"]
[SourceQuality "1"]
[TimeControl "180+2"]

1. e4 c5 2. Nf3 d6 3. d4 cxd4 4. Qxd4 Nc6 5. Bb5 Bd7 6. Bxc6 Bxc6 7. Nc3 Nf6 8. Bg5 e6 9. O-O-O Be7 10. Kb1 O-O 0-1

[Event "11th LCC Super Blitz 2019"]
[Site "London"]
[Date "2019.12.08"]
[Round "4.9"]
[White "Arapalea, Daniel-Ionel"]
[Black "Dhemrait, Jagdeep"]
[Result "1-0"]
[ECO "B22"]
[WhiteElo "1840"]
[BlackElo "1834"]
[Annotator "NA"]
[PlyCount "77"]
[EventDate "2019.12.08"]
[EventType "swiss"]
[EventCountry "ENG"]
[SourceTitle "playchess.com"]
[Source "ChessBase"]
[SourceQuality "1"]
[TimeControl "180+2"]

1. e4 c5 2. Nf3 Nc6 3. c3 g6 4. Qc2 Bg7 5. Be2 e6 6. O-O Nge7 7. a3 a5 8. Rd1 d5 9. d3 O-O 10. Bg5 Qc7 11. Nbd2 b6 12. Rac1 Bb7 13. Re1 Rac8 14. Bh4 Rfe8 15. Bg3 Qd7 16. Rcd1 d4 17. c4 f6 18. Qb3 Qd8 19. h3 Na7 20. Nh2 Bc6 21. Bf3 e5 22. Be2 g5 23. h4 h6 24. f3 Ng6 25. hxg5 hxg5 26. Kf2 Kf7 27. Ng4 Rh8 28. Rh1 Qd7 29. Qxb6 Ra8 30. Rxh8 Rxh8 31. Qxc5 a4 32. b4 Rb8 33. b5 Ba8 34. Qb4 Bf8 35. Qxa4 Ne7 36. Rh1 Nec8 37. Rh7+ Bg7 38. Qd1 Kg8 39. Nxf6+ 1-0

[Event "11th LCC Super Blitz 2019"]
[Site "London"]
[Date "2019.12.08"]
[Round "4.9"]
[White "Davis, Holden"]
[Black "Nunn, Petra"]
[Result "1-0"]
[ECO "B21"]
[WhiteElo "1769"]
[BlackElo "1908"]
[Annotator "NA"]
[PlyCount "53"]
[EventDate "2019.12.08"]
[EventType "swiss"]
[EventCountry "ENG"]
[SourceTitle "playchess.com"]
[Source "ChessBase"]
[SourceQuality "1"]
[TimeControl "180+2"]

1. e4 c5 2. d4 cxd4 3. c3 dxc3 4. Nxc3 Nc6 5. Nf3 e6 6. Bc4 d6 7. O-O Be7 8. Qe2 a6 9. Rd1 Qc7 10. Bf4 e5 11. Be3 Nf6 12. Rac1 Qb8 13. Bb6 O-O 14. Nd5 Nxd5 15. Bxd5 Bd7 16. a4 a5 17. Bc4 Rc8 18. Qe3 Bd8 19. Bxd8 Rxd8 20. Ng5 Rf8 21. Qb3 Qe8 22. Rxd6 Qe7 23. Nxf7 Rxf7 24. Bxf7+ Kf8 25. Qxb7 Rd8 26. Rcd1 Nd4 27. Qd5 1-0

[Event "11th LCC Super Blitz 2019"]
[Site "London"]
[Date "2019.12.08"]
[Round "4.9"]
[White "Ball, Charlie J"]
[Black "Yeo, Klaus Lucas"]
[Result "1-0"]
[ECO "D00"]
[WhiteElo "1249"]
[BlackElo "1176"]
[Annotator "NA"]
[PlyCount "87"]
[EventDate "2019.12.08"]
[EventType "swiss"]
[EventCountry "ENG"]
[SourceTitle "playchess.com"]
[Source "ChessBase"]
[SourceQuality "1"]
[TimeControl "180+2"]

1. d4 d5 2. Bf4 Bf5 3. e3 c6 4. Bd3 Bxd3 5. cxd3 e6 6. Nf3 Bd6 7. Bg3 Nd7 8. Bxd6 Nb6 9. Bc5 Ne7 10. Bxb6 Qxb6 11. Qc2 Rc8 12. Nbd2 c5 13. dxc5 Rxc5 14. Qb3 Rb5 15. Qa4 Nc6 16. Nb3 O-O 17. O-O Rb4 18. Qa3 a6 19. Nbd4 Nxd4 20. Nxd4 Rxb2 21. h3 h6 22. Nb3 Rc2 23. Qa5 Qxa5 24. Nxa5 b6 25. Nb3 Rc3 26. Rfd1 Rfc8 27. Rac1 Kh7 28. Rxc3 Rxc3 29. Rc1 Rxd3 30. Rc6 a5 31. Rxb6 a4 32. Nc5 Rd2 33. Nxa4 Rxa2 34. Nc3 Ra7 35. Nb5 Rd7 36. Rd6 Rb7 37. Nd4 Kg6 38. Kh2 Kf6 39. Nc6 Rb6 40. f3 g5 41. e4 dxe4 42. fxe4 Kg7 43. e5 Kg6 44. Ne7+ 1-0

[Event "11th LCC Super Blitz 2019"]
[Site "London"]
[Date "2019.12.08"]
[Round "4.10"]
[White "Petrov, Vladimir Sergeev"]
[Black "Muhunthan, Charukgan"]
[Result "1-0"]
[ECO "B76"]
[WhiteElo "2355"]
[BlackElo "1401"]
[Annotator "NA"]
[PlyCount "33"]
[EventDate "2019.12.08"]
[EventType "swiss"]
[EventCountry "ENG"]
[SourceTitle "playchess.com"]
[Source "ChessBase"]
[SourceQuality "1"]
[TimeControl "180+2"]

1. e4 c5 2. Nf3 d6 3. d4 cxd4 4. Nxd4 Nf6 5. Nc3 g6 6. Be3 Bg7 7. f3 O-O 8. Qd2 Bd7 9. h4 h5 10. g4 hxg4 11. h5 gxh5 12. Bh6 Qa5 13. O-O-O Nc6 14. Bxg7 Kxg7 15. Bb5 Rh8 16. fxg4 hxg4 17. Qg5+ 1-0

[Event "11th LCC Super Blitz 2019"]
[Site "London"]
[Date "2019.12.08"]
[Round "4.10"]
[White "Phillips, David"]
[Black "Sheikh, Anum"]
[Result "0-1"]
[ECO "B23"]
[WhiteElo "1810"]
[BlackElo "1560"]
[Annotator "NA"]
[PlyCount "98"]
[EventDate "2019.12.08"]
[EventType "swiss"]
[EventCountry "ENG"]
[SourceTitle "playchess.com"]
[Source "ChessBase"]
[SourceQuality "1"]
[TimeControl "180+2"]

1. e4 c5 2. Nc3 e6 3. g3 d5 4. Bg2 d4 5. Nb1 Nc6 6. Ne2 Nf6 7. d3 Be7 8. O-O O-O 9. Na3 a6 10. c3 e5 11. cxd4 cxd4 12. Nc4 b5 13. Nd2 Rb8 14. h3 Nb4 15. Nb3 Qc7 16. f4 Nc2 17. Rb1 Ne3 18. Bxe3 dxe3 19. Rc1 Qd6 20. fxe5 Qxe5 21. d4 Qh5 22. e5 Ne8 23. Nf4 Qh6 24. Qf3 Bb7 25. Qxe3 Bxg2 26. Kxg2 Rd8 27. Qd2 Bg5 28. Qf2 b4 29. Qf3 Bxf4 30. Qxf4 Qb6 31. Rc6 Qxc6+ 32. Qf3 Qxf3+ 33. Kxf3 Nc7 34. Ke4 Ne6 35. d5 Ng5+ 36. Kf5 Nxh3 37. Rh1 Nf2 38. Rh2 Nd3 39. Rd2 Rxd5 40. Ke4 Rfd8 41. Rc2 Rxe5+ 42. Kf3 Ne1+ 43. Kf4 Nxc2 44. Kxe5 Rd3 45. Nc5 Rxg3 46. Nxa6 h5 47. Kf4 h4 48. Nc5 g5+ 49. Kf5 h3 0-1

[Event "11th LCC Super Blitz 2019"]
[Site "London"]
[Date "2019.12.08"]
[Round "4.10"]
[White "Jackson, Julius"]
[Black "Lovell, William Pm"]
[Result "1-0"]
[ECO "B22"]
[WhiteElo "1584"]
[BlackElo "1831"]
[Annotator "NA"]
[PlyCount "57"]
[EventDate "2019.12.08"]
[EventType "swiss"]
[EventCountry "ENG"]
[SourceTitle "playchess.com"]
[Source "ChessBase"]
[SourceQuality "1"]
[TimeControl "180+2"]

1. e4 c5 2. Nf3 Nc6 3. c3 g6 4. d4 cxd4 5. cxd4 Bg7 6. Nc3 e6 7. Bf4 a6 8. Be2 Nge7 9. O-O O-O 10. Qd2 d5 11. e5 Nf5 12. g4 Nfe7 13. Bh6 f5 14. h3 fxg4 15. hxg4 Qe8 16. Kg2 Qf7 17. Rh1 Bxh6 18. Rxh6 Qf4 19. Qxf4 Rxf4 20. Ng5 Nxd4 21. Kg3 Nxe2+ 22. Nxe2 Rb4 23. b3 Nc6 24. f4 b5 25. Nxh7 Kg7 26. Rah1 Bb7 27. Nf6 Na5 28. Rh7+ Kf8 29. Rh8+ 1-0

[Event "11th LCC Super Blitz 2019"]
[Site "London"]
[Date "2019.12.08"]
[Round "4.11"]
[White "Eames, Robert S"]
[Black "Tombolis, Christopher"]
[Result "1-0"]
[ECO "B38"]
[WhiteElo "2166"]
[BlackElo "1655"]
[Annotator "NA"]
[PlyCount "95"]
[EventDate "2019.12.08"]
[EventType "swiss"]
[EventCountry "ENG"]
[SourceTitle "playchess.com"]
[Source "ChessBase"]
[SourceQuality "1"]
[TimeControl "180+2"]

1. e4 c5 2. Nf3 Nc6 3. d4 cxd4 4. Nxd4 g6 5. c4 Bg7 6. Be3 d6 7. Nc3 Nf6 8. Be2 O-O 9. O-O a5 10. Qd2 a4 11. Rac1 a3 12. b3 Qa5 13. f3 Nd7 14. Ndb5 Nde5 15. Rfd1 Bd7 16. Bh6 Nb4 17. Bxg7 Kxg7 18. f4 Qb6+ 19. Qd4 Qxd4+ 20. Nxd4 Ng4 21. Bxg4 Bxg4 22. Rd2 Bd7 23. Re1 e5 24. Ndb5 Bxb5 25. Nxb5 exf4 26. Nxd6 Rad8 27. Red1 b6 28. Kf2 f6 29. Kf3 Nc6 30. Kxf4 Ne5 31. Nf5+ gxf5 32. Rxd8 Rf7 33. R8d6 fxe4 34. Kxe4 Re7 35. Kf5 Ng6 36. Rd7 Rxd7 37. Rxd7+ Kh6 38. Rb7 Nh4+ 39. Kg4 Nxg2 40. Rxb6 Ne3+ 41. Kf3 Nd1 42. Rxf6+ Kg5 43. Ra6 Nb2 44. Rxa3 h5 45. Ra5+ Kh4 46. c5 Kh3 47. c6 h4 48. c7 1-0

[Event "11th LCC Super Blitz 2019"]
[Site "London"]
[Date "2019.12.08"]
[Round "4.11"]
[White "Saidmurodov, Shahjahon"]
[Black "Thatte, Nandinee"]
[Result "1-0"]
[ECO "B11"]
[WhiteElo "1812"]
[BlackElo "1270"]
[Annotator "NA"]
[PlyCount "55"]
[EventDate "2019.12.08"]
[EventType "swiss"]
[EventCountry "ENG"]
[SourceTitle "playchess.com"]
[Source "ChessBase"]
[SourceQuality "1"]
[TimeControl "180+2"]

1. e4 c6 2. Nc3 d5 3. Nf3 dxe4 4. Nxe4 Bf5 5. Ng3 Bg6 6. h4 h6 7. Ne5 Bh7 8. Bc4 e6 9. d4 Nf6 10. Be3 Bd6 11. f4 O-O 12. Nh5 Nbd7 13. Nxd7 Nxd7 14. Qg4 Bg6 15. Ng3 Nf6 16. Qf3 Qa5+ 17. c3 Rfe8 18. h5 Bh7 19. O-O-O Rac8 20. Bb3 Rb8 21. c4 c5 22. Bd2 Qc7 23. dxc5 Bxc5 24. Bc3 Qe7 25. Rhe1 Bb4 26. Bc2 Bxc2 27. Kxc2 Bc5 28. Nf5 1-0

[Event "11th LCC Super Blitz 2019"]
[Site "London"]
[Date "2019.12.08"]
[Round "4.11"]
[White "Manmay Chopra"]
[Black "Ismail, Mohammed Aayan"]
[Result "0-1"]
[ECO "C00"]
[WhiteElo "1354"]
[BlackElo "1641"]
[Annotator "NA"]
[PlyCount "66"]
[EventDate "2019.12.08"]
[EventType "swiss"]
[EventCountry "ENG"]
[SourceTitle "playchess.com"]
[Source "ChessBase"]
[SourceQuality "1"]
[TimeControl "180+2"]

1. e4 e6 2. d3 c5 3. Nf3 d5 4. Nbd2 Nc6 5. g3 Nf6 6. Bg2 Be7 7. O-O O-O 8. Re1 Qc7 9. c3 dxe4 10. dxe4 e5 11. Qc2 Be6 12. Nf1 h6 13. Ne3 Rad8 14. Bd2 c4 15. Nf5 Bxf5 16. exf5 Bc5 17. Be3 Qb6 18. h3 Rd3 19. Bxc5 Qxc5 20. g4 e4 21. Nd2 Rfd8 22. Rad1 e3 23. fxe3 Rxe3 24. Rxe3 Qxe3+ 25. Kh1 Qe2 26. Bf3 Qf2 27. Bxc6 bxc6 28. Qa4 Rxd2 29. Rxd2 Qxd2 30. Qxc6 Qc1+ 31. Kh2 Qxb2+ 32. Kg3 Qxc3+ 33. Kh4 Qe1# 0-1

[Event "11th LCC Super Blitz 2019"]
[Site "London"]
[Date "2019.12.08"]
[Round "4.12"]
[White "Srivastava, Arnav"]
[Black "Vikas Narayan S P"]
[Result "1-0"]
[ECO "D38"]
[WhiteElo "1728"]
[BlackElo "1026"]
[Annotator "NA"]
[PlyCount "55"]
[EventDate "2019.12.08"]
[EventType "swiss"]
[EventCountry "ENG"]
[SourceTitle "playchess.com"]
[Source "ChessBase"]
[SourceQuality "1"]
[TimeControl "180+2"]

1. d4 d5 2. c4 e6 3. Nc3 Nf6 4. Bg5 Bb4 5. Nf3 O-O 6. e3 b6 7. Be2 Nbd7 8. cxd5 exd5 9. O-O Bb7 10. Ne5 h6 11. Bh4 g5 12. Bg3 Bxc3 13. bxc3 Ne4 14. Bd3 Nxe5 15. Bxe5 f6 16. Bg3 c5 17. Qh5 Kg7 18. f3 f5 19. fxe4 dxe4 20. Be5+ Kh7 21. Bc2 Qe7 22. h4 cxd4 23. cxd4 Qa3 24. Rae1 Rg8 25. Rxf5 Qc3 26. Rf7+ Rg7 27. Rxg7+ Kh8 28. Qxh6# 1-0

[Event "11th LCC Super Blitz 2019"]
[Site "London"]
[Date "2019.12.08"]
[Round "4.12"]
[White "Patel, Zain"]
[Black "Brass, Ezra"]
[Result "1/2-1/2"]
[ECO "B76"]
[WhiteElo "1253"]
[BlackElo "1628"]
[Annotator "NA"]
[PlyCount "122"]
[EventDate "2019.12.08"]
[EventType "swiss"]
[EventCountry "ENG"]
[SourceTitle "playchess.com"]
[Source "ChessBase"]
[SourceQuality "1"]
[TimeControl "180+2"]

1. e4 c5 2. Nf3 d6 3. d4 cxd4 4. Nxd4 Nf6 5. Nc3 g6 6. Be3 Bg7 7. f3 Nc6 8. Qd2 O-O 9. O-O-O d5 10. Nxc6 bxc6 11. exd5 cxd5 12. Nxd5 Nxd5 13. Qxd5 Qc7 14. Qxa8 Bf5 15. Qxf8+ Kxf8 16. Bd3 Be6 17. Kb1 Qe5 18. Bc1 Qa5 19. a3 f5 20. Rhe1 Qd5 21. c4 Qc6 22. Bg5 Qb6 23. Bc1 Qc6 24. b4 Bxc4 25. Bxc4 Qxc4 26. Bb2 Qb3 27. Rd2 Bc3 28. Re3 Qc4 29. Rxc3 Qf1+ 30. Rc1 Qb5 31. Rd8+ Kf7 32. Rc5 Qf1+ 33. Ka2 Qxg2 34. Rc7 Qxf3 35. Rdd7 Qe4 36. Rxa7 Qc4+ 37. Ka1 Qf1+ 38. Ka2 Qc4+ 39. Kb1 Qe4+ 40. Ka1 Qe1+ 41. Ka2 Qe6+ 42. Ka1 Qe1+ 43. Ka2 Qe6+ 44. Kb1 Qe4+ 45. Ka2 Qc4+ 46. Kb1 Qf1+ 47. Ka2 Qc4+ 48. Kb1 Qe4+ 49. Ka2 Qe6+ 50. Kb1 Qe4+ 51. Ka2 Qc4+ 52. Kb1 Qf1+ 53. Ka2 Qc4+ 54. Kb1 Qe4+ 55. Ka2 Qc4+ 56. Kb1 Qe4+ 57. Ka2 Qc4+ 58. Kb1 Qe4+ 59. Ka2 Qc4+ 60. Kb1 Qe4+ 61. Ka2 Qc4+ 1/2-1/2

[Event "11th LCC Super Blitz 2019"]
[Site "London"]
[Date "2019.12.08"]
[Round "4.15"]
[White "Watson, Steven L"]
[Black "Essis, Essoh Jean Mathieu C"]
[Result "1-0"]
[ECO "C50"]
[WhiteElo "1634"]
[BlackElo "1438"]
[Annotator "NA"]
[PlyCount "33"]
[EventDate "2019.12.08"]
[EventType "swiss"]
[EventCountry "ENG"]
[SourceTitle "playchess.com"]
[Source "ChessBase"]
[SourceQuality "1"]
[TimeControl "180+2"]

1. e4 e5 2. Nf3 Nc6 3. Bc4 h6 4. c3 d6 5. d4 Bg4 6. Be3 Qf6 7. d5 Na5 8. Bd3 Bxf3 9. gxf3 b6 10. Nd2 Nb7 11. Qe2 g5 12. O-O-O Ne7 13. Bb5+ Kd8 14. Kb1 Ng6 15. Bc6 Kc8 16. Qa6 Kb8 17. Qxb7# 1-0

[Event "11th LCC Super Blitz 2019"]
[Site "London"]
[Date "2019.12.08"]
[Round "4.15"]
[White "Caceres De La Calle, Eduardo"]
[Black "Fisher, Neal"]
[Result "0-1"]
[ECO "A21"]
[WhiteElo "1575"]
[BlackElo "1522"]
[Annotator "NA"]
[PlyCount "82"]
[EventDate "2019.12.08"]
[EventType "swiss"]
[EventCountry "ENG"]
[SourceTitle "playchess.com"]
[Source "ChessBase"]
[SourceQuality "1"]
[TimeControl "180+2"]

1. c4 e5 2. Nc3 d6 3. g3 c6 4. Bg2 Be7 5. e3 Nf6 6. Nge2 O-O 7. d3 Nbd7 8. O-O Re8 9. b3 Nf8 10. Bb2 Ng6 11. f4 Bd7 12. f5 Nf8 13. d4 Qc8 14. e4 g6 15. Bc1 gxf5 16. exf5 Bxf5 17. Bh6 Ng6 18. Kh1 Bh3 19. Ne4 Nxe4 20. Bxe4 Bxf1 21. Qxf1 Qd8 22. Qc1 Bf8 23. Bg5 Be7 24. Bh6 Bf6 25. Qe3 Bg7 26. Bg5 f6 27. Bh6 Qe7 28. Rf1 Bxh6 29. Qxh6 Qg7 30. Qd2 Rf8 31. h4 Rf7 32. h5 Ne7 33. Kh2 Kh8 34. Ng1 Rg8 35. Rf3 f5 36. Bc2 e4 37. Re3 Qg4 38. Bd1 Qg5 39. Kg2 f4 40. Re2 Qxg3+ 41. Kf1 Qxg1# 0-1

[Event "11th LCC Super Blitz 2019"]
[Site "London"]
[Date "2019.12.08"]
[Round "5.1"]
[White "Maze, Sebastien"]
[Black "Jones, Gawain C B"]
[Result "1/2-1/2"]
[ECO "C77"]
[WhiteElo "2549"]
[BlackElo "2683"]
[Annotator "ChessBase"]
[PlyCount "105"]
[EventDate "2019.12.08"]
[EventType "swiss"]
[EventCountry "ENG"]
[SourceTitle "playchess.com"]
[Source "ChessBase"]
[SourceQuality "1"]
[TimeControl "180+2"]

1. e4 e5 2. Nf3 Nc6 3. Bb5 a6 4. Ba4 Nf6 5. Nc3 Bc5 6. Bxc6 dxc6 7. d3 Qe7 8. Be3 Bg4 9. h3 Bxf3 10. Qxf3 Nd7 11. O-O O-O-O 12. Bxc5 Nxc5 13. Qe3 Ne6 14. Ne2 g5 15. Ng3 Nd4 16. Rac1 Kb8 17. c3 Ne6 18. Nf5 Qf6 19. a4 Rd7 20. g3 h5 21. b4 h4 22. Kg2 Qd8 23. Rfd1 g4 24. hxg4 hxg3 25. fxg3 Qg8 26. Rh1 Rxh1 27. Rxh1 b6 28. Nh6 Qd8 29. Rd1 f6 30. Nf5 Qg8 31. Qf3 Ng5 32. Qe2 Qb3 33. a5 b5 34. Rc1 Qa3 35. Qc2 c5 36. bxc5 Qxc5 37. c4 b4 38. Rb1 Qxa5 39. Qb3 c5 40. Rh1 Kc7 41. Ne3 Rh7 42. Rxh7+ Nxh7 43. Nd5+ Kd6 44. Qd1 Qa2+ 45. Kg1 Ng5 46. Qf1 Nh7 47. Qf5 Qb1+ 48. Kg2 Qc2+ 49. Kg1 Qd1+ 50. Kg2 Qd2+ 51. Kg1 Qc1+ 52. Kg2 Qd2+ 53. Kg1 1/2-1/2

[Event "11th LCC Super Blitz 2019"]
[Site "London"]
[Date "2019.12.08"]
[Round "5.1"]
[White "Grover, Sahaj"]
[Black "Aravindh, Chithambaram Vr"]
[Result "1-0"]
[ECO "D37"]
[WhiteElo "2486"]
[BlackElo "2560"]
[Annotator "ChessBase"]
[PlyCount "57"]
[EventDate "2019.12.08"]
[EventType "swiss"]
[EventCountry "ENG"]
[SourceTitle "playchess.com"]
[Source "ChessBase"]
[SourceQuality "1"]
[TimeControl "180+2"]

1. d4 Nf6 2. c4 e6 3. Nc3 d5 4. Nf3 a6 5. cxd5 exd5 6. Bg5 Be6 7. Qb3 Nbd7 8. e3 b5 9. Ne5 Nxe5 10. dxe5 d4 11. Qc2 dxc3 12. exf6 gxf6 13. Rd1 Qxd1+ 14. Kxd1 O-O-O+ 15. Kc1 cxb2+ 16. Qxb2 fxg5 17. Be2 Bc5 18. a4 c6 19. Qc3 Ba7 20. Qxc6+ Kb8 21. Qxa6 Rd7 22. Qxb5+ Kc8 23. Qa6+ Kb8 24. Qb5+ Kc8 25. Bf3 Rc7+ 26. Kb2 Bd7 27. Qa6+ Kb8 28. Ka1 Bf5 29. Qb5+ 1-0

[Event "11th LCC Super Blitz 2019"]
[Site "London"]
[Date "2019.12.08"]
[Round "5.2"]
[White "Howell, David Wl"]
[Black "Rushbrooke, Remy"]
[Result "1-0"]
[ECO "A01"]
[WhiteElo "2650"]
[BlackElo "1877"]
[Annotator "ChessBase"]
[PlyCount "57"]
[EventDate "2019.12.08"]
[EventType "swiss"]
[EventCountry "ENG"]
[SourceTitle "playchess.com"]
[Source "ChessBase"]
[SourceQuality "1"]
[TimeControl "180+2"]

1. b3 e5 2. Bb2 d6 3. g3 Nc6 4. Bg2 g6 5. c4 Bg7 6. e3 f5 7. Ne2 Nf6 8. Nbc3 O-O 9. d3 Nh5 10. Qd2 f4 11. gxf4 exf4 12. Bd5+ Kh8 13. O-O-O Ne5 14. Kb1 c6 15. Be4 Ng4 16. Nxf4 Nxf4 17. exf4 Qb6 18. Rdf1 Be6 19. h4 Nf6 20. Ne2 Nxe4 21. dxe4 Qc7 22. Nd4 Bg8 23. h5 c5 24. Nb5 Qe7 25. f3 Bxb2 26. Qxb2+ Qg7 27. hxg6 Qxb2+ 28. Kxb2 Rxf4 29. Rfg1 1-0

[Event "11th LCC Super Blitz 2019"]
[Site "London"]
[Date "2019.12.08"]
[Round "5.2"]
[White "Willow, Jonah B"]
[Black "Pert, Nicholas"]
[Result "0-1"]
[ECO "B32"]
[WhiteElo "2355"]
[BlackElo "2560"]
[Annotator "ChessBase"]
[PlyCount "104"]
[EventDate "2019.12.08"]
[EventType "swiss"]
[EventCountry "ENG"]
[SourceTitle "playchess.com"]
[Source "ChessBase"]
[SourceQuality "1"]
[TimeControl "180+2"]

1. e4 c5 2. Nf3 Nc6 3. d4 cxd4 4. Nxd4 e5 5. Nb5 d6 6. N1c3 a6 7. Na3 Be7 8. Nc4 b5 9. Ne3 Nf6 10. g3 h5 11. Bg2 h4 12. O-O Rb8 13. Ncd5 Nxd5 14. Nxd5 Be6 15. c3 Kf8 16. f4 hxg3 17. hxg3 exf4 18. gxf4 Bxd5 19. exd5 Qb6+ 20. Rf2 Bh4 21. Qf3 Re8 22. Bd2 Bxf2+ 23. Qxf2 Qxf2+ 24. Kxf2 Na5 25. b3 Rh2 26. Rd1 Nb7 27. Kg3 Rh8 28. b4 f6 29. Kf2 Nd8 30. Be3 Nf7 31. Bb6 g5 32. fxg5 Nxg5 33. Bc7 Ke7 34. Rd4 Kd7 35. Bb6 Rb8 36. Ba5 Nh3+ 37. Kf3 f5 38. c4 Ng5+ 39. Kf4 Rh2 40. Kxg5 Rxg2+ 41. Kxf5 Rxa2 42. cxb5 Rxb5 43. Rd1 Re2 44. Rc1 Re5+ 45. Kf6 Rb7 46. Rc6 Rxd5 47. Rxa6 Rd1 48. Ra8 Rf1+ 49. Kg5 Kc6 50. Rc8+ Kb5 51. Rd8 Rg7+ 52. Kh6 Rg2 0-1

[Event "11th LCC Super Blitz 2019"]
[Site "London"]
[Date "2019.12.08"]
[Round "5.2"]
[White "Bukojemski, Adam"]
[Black "Royal, Shreyas"]
[Result "1-0"]
[ECO "C49"]
[WhiteElo "2219"]
[BlackElo "1941"]
[Annotator "NA"]
[PlyCount "165"]
[EventDate "2019.12.08"]
[EventType "swiss"]
[EventCountry "ENG"]
[SourceTitle "playchess.com"]
[Source "ChessBase"]
[SourceQuality "1"]
[TimeControl "180+2"]

1. e4 e5 2. Nf3 Nc6 3. Nc3 Nf6 4. Bb5 Bb4 5. O-O O-O 6. d3 Bxc3 7. bxc3 d6 8. h3 h6 9. Re1 Ne7 10. d4 Ng6 11. Bf1 Re8 12. d5 Bd7 13. g3 Qe7 14. Bg2 Nh7 15. Kh2 Rf8 16. Nd2 f5 17. exf5 Bxf5 18. Nc4 Qf7 19. a4 Bd7 20. Be3 Ng5 21. Nd2 Qf6 22. a5 Ne7 23. Ne4 Nxe4 24. Bxe4 Nf5 25. Bd2 Ne7 26. Be3 Nf5 27. Bc1 Ne7 28. Re2 Bb5 29. Rd2 c6 30. dxc6 d5 31. cxb7 Rab8 32. Bg2 Rxb7 33. Ba3 Rd7 34. Bc5 Bc4 35. Be3 Nf5 36. Bc5 Rc8 37. Bxd5+ Bxd5 38. Rxd5 Rdc7 39. Rd6 Nxd6 40. Bxd6 Qxf2+ 41. Kh1 Rxc3 42. Qd5+ Kh8 43. Bxe5 Qf3+ 44. Qxf3 Rxf3 45. c3 Rf5 46. Bd4 Rf3 47. Kg2 Rf5 48. a6 Rb5 49. Re1 Rc7 50. Re6 Kg8 51. Kf3 Kf7 52. Rd6 Ke7 53. Rg6 Kf8 54. Ke4 Rg5 55. Rxg5 hxg5 56. Kf5 Rc6 57. Bxa7 Rxa6 58. Bd4 Kf7 59. Kxg5 Rc6 60. h4 Rc4 61. h5 Rc6 62. g4 Kf8 63. Kf5 Kf7 64. Ke5 g6 65. Kd5 Rc8 66. h6 Kg8 67. g5 Kh7 68. Bf6 Rc7 69. c4 Rb7 70. c5 Ra7 71. c6 Rc7 72. Kd6 Ra7 73. c7 Ra2 74. Bd4 Ra6+ 75. Ke7 Rc6 76. Kd8 Rd6+ 77. Ke7 Rc6 78. Be5 Rc1 79. Bd6 Rc2 80. Kd8 Rd2 81. c8=Q Rxd6+ 82. Ke7 Rd8 83. Kxd8 1-0

[Event "11th LCC Super Blitz 2019"]
[Site "London"]
[Date "2019.12.08"]
[Round "5.3"]
[White "Rowson, Jonathan"]
[Black "Marusenko, Petr"]
[Result "1-0"]
[ECO "D12"]
[WhiteElo "2561"]
[BlackElo "2085"]
[Annotator "ChessBase"]
[PlyCount "55"]
[EventDate "2019.12.08"]
[EventType "swiss"]
[EventCountry "ENG"]
[SourceTitle "playchess.com"]
[Source "ChessBase"]
[SourceQuality "1"]
[TimeControl "180+2"]

1. d4 d5 2. c4 c6 3. Nf3 Nf6 4. e3 Bf5 5. Nc3 e6 6. Nh4 Bg6 7. Nxg6 hxg6 8. g3 Nbd7 9. Bg2 Bd6 10. Qe2 Qe7 11. O-O O-O 12. b3 dxc4 13. bxc4 e5 14. Qc2 exd4 15. exd4 Rfe8 16. Rb1 Rab8 17. Bg5 Qd8 18. Rfd1 Qa5 19. c5 Bc7 20. Bd2 Qa6 21. Bf1 Qa5 22. Nb5 cxb5 23. Bxa5 Bxa5 24. Rxb5 Bc7 25. Bc4 Nf8 26. d5 Be5 27. d6 N8d7 28. Qxg6 1-0

[Event "11th LCC Super Blitz 2019"]
[Site "London"]
[Date "2019.12.08"]
[Round "5.3"]
[White "Cox, John J"]
[Black "Beinoras, Mindaugas"]
[Result "0-1"]
[ECO "A11"]
[WhiteElo "2346"]
[BlackElo "2401"]
[Annotator "NA"]
[PlyCount "63"]
[EventDate "2019.12.08"]
[EventType "swiss"]
[EventCountry "ENG"]
[SourceTitle "playchess.com"]
[Source "ChessBase"]
[SourceQuality "1"]
[TimeControl "180+2"]

1. c4 c6 2. Nf3 d5 3. g3 dxc4 4. Bg2 Nf6 5. O-O Nbd7 6. a4 a5 7. Na3 Nb6 8. Qc2 Qd5 9. Ne1 Qd4 10. e3 Qg4 11. h3 Qf5 12. e4 Qe6 13. f4 g6 14. d3 cxd3 15. Nxd3 Bg7 16. Be3 Nbd7 17. Rad1 Nxe4 18. Rfe1 O-O 19. Nc5 Nexc5 20. Bxc5 Qf5 21. Qxf5 gxf5 22. Bxe7 Re8 23. Nc4 Bf6 24. Nd6 Rxe7 25. Rxe7 Bxe7 26. Nxc8 Bc5+ 27. Kh2 Nf6 28. Rd8+ Kg7 29. Bf1 Bb6 30. Nxb6 Rxd8 31. Bc4 Rd2+ 32. Kg1 0-1

[Event "11th LCC Super Blitz 2019"]
[Site "London"]
[Date "2019.12.08"]
[Round "5.3"]
[White "Young, Daniel J"]
[Black "Mortazavi, Ali"]
[Result "0-1"]
[ECO "B14"]
[WhiteElo "1947"]
[BlackElo "2333"]
[Annotator "NA"]
[PlyCount "70"]
[EventDate "2019.12.08"]
[EventType "swiss"]
[EventCountry "ENG"]
[SourceTitle "playchess.com"]
[Source "ChessBase"]
[SourceQuality "1"]
[TimeControl "180+2"]

1. e4 c6 2. d4 d5 3. exd5 cxd5 4. c4 Nf6 5. Nc3 g6 6. Qb3 Bg7 7. cxd5 O-O 8. Be2 Nbd7 9. Bf3 Nb6 10. Nge2 a5 11. a4 Bf5 12. O-O Rc8 13. Bf4 h6 14. h3 g5 15. Bh2 Bg6 16. Rad1 h5 17. d6 exd6 18. Bxb7 Rb8 19. Bc6 Nbd5 20. Qa3 Nb4 21. d5 Bd3 22. Rxd3 Nxd3 23. Bxd6 Rxb2 24. Nb5 Rxe2 25. Qxd3 Ra2 26. Bxf8 Bxf8 27. Qd4 Bd6 28. Nc3 Rc2 29. Ne4 Nxe4 30. Qxe4 Rd2 31. Re1 Qf6 32. Qe8+ Kg7 33. Qe3 Bf4 34. Qf3 h4 35. Re8 Qa1+ {[%emt 0:00:03] Re5} 0-1

[Event "11th LCC Super Blitz 2019"]
[Site "London"]
[Date "2019.12.08"]
[Round "5.4"]
[White "Gudenas, Motiejus"]
[Black "Stepanyan, Henrik"]
[Result "0-1"]
[ECO "C40"]
[WhiteElo "1993"]
[BlackElo "2193"]
[Annotator "NA"]
[PlyCount "103"]
[EventDate "2019.12.08"]
[EventType "swiss"]
[EventCountry "ENG"]
[SourceTitle "playchess.com"]
[Source "ChessBase"]
[SourceQuality "1"]
[TimeControl "180+2"]

1. e4 e5 2. Nf3 d5 3. exd5 e4 4. Qe2 Nf6 5. Nc3 Be7 6. Nxe4 Nxd5 7. d4 O-O 8. Be3 f5 9. Nc3 Nxc3 10. bxc3 f4 11. Bd2 Bd6 12. Qc4+ Kh8 13. Be2 b6 14. Qd5 c6 15. Qg5 Qe8 16. Ne5 Bxe5 17. Qxe5 Qf7 18. O-O Nd7 19. Qh5 Qf6 20. Bf3 Ba6 21. Rfe1 Bc4 22. a4 Rad8 23. a5 b5 24. Re4 Qd6 25. Rae1 Nf6 26. Qe5 Nxe4 27. Rxe4 Qxe5 28. Rxe5 Rfe8 29. Bxf4 Rxe5 30. Bxe5 Bd5 31. Be2 a6 32. f4 Kg8 33. Kf2 g6 34. g3 Kf7 35. Bg4 Be6 36. Bf3 Bd5 37. Bg4 h5 38. Bh3 Be4 39. Bg2 Bxg2 40. Kxg2 Ke6 41. Kf3 Kd5 42. Ke3 Kc4 43. Kd2 c5 44. Bf6 Re8 45. Be5 cxd4 46. cxd4 Rc8 47. c3 Kd5 48. Kd3 Rc4 49. Bb8 Ra4 50. Bc7 Ra2 51. h3 Rg2 52. f5 0-1